 Dungeon Sprint DCSS version 0.30-a0-1112-gfb780f5df6 (webtiles) character file.

Game seed: 3217113592374701884

1932 rocky1 the Thaumaturge (level 8, -4/53 HPs)
             Began as a Deep Elf Earth Elementalist on Apr 19, 2023.
             Was a High Priest of Sif Muna.
             Slain by a deep troll (22 damage)
             ... in the Dungeon (Sprint VII: "The Pits").
             The game lasted 00:04:22 (1214 turns).

rocky1 the Thaumaturge (DEEE)                       Turns: 1214, Time: 00:04:23

Health: -4/53      AC:  3    Str:  5    XL:     8   Next: 97%
Magic:  2/25       EV: 17    Int: 23    God:    Sif Muna [*****.]
Gold:   0          SH:  0    Dex: 15    Spells: 25/29 levels left

rFire   . . .      SeeInvis .    l - +0 quarterstaff (protect)
rCold   . . .      Faith    .    (shield currently unavailable)
rNeg    . . .      Spirit   .    a - +0 robe
rPois   .          Reflect  .    (no helmet)
rElec   .          Rampage  .    e - +0 cloak
rCorr   .          NoTele   +    (no gloves)
Will    .....                    (no boots)
Stlth   ++                       (no amulet)
HPRegen 0.28/turn                (no ring)
MPRegen 0.19/turn                (no ring)

@: no status effects
A: no striking features
a: Renounce Religion, Channel Magic, Forget Spell, Divine Exegesis


You were in the Dungeon.
You worshipped Sif Muna.
Sif Muna was extremely pleased with you.
You visited 1 branch

Inventory:

Hand Weapons
 l - a +0 quarterstaff of protection (weapon)
 o - a +0 lajatang of speed
Armour
 a - a +0 robe (worn)
 e - a +0 cloak (worn)
Jewellery
 g - a +3 ring of evasion
 k - a +3 ring of protection
Scrolls
 i - 5 scrolls of amnesia
 j - a scroll of butterflies
Potions
 b - 4 potions of magic
 c - 7 potions of curing
 d - 13 potions of heal wounds
 f - 4 potions of berserk rage
 h - 2 potions of invisibility
 m - a potion of might
 n - a potion of mutation


   Skills:
 + Level 7.0 Fighting
 + Level 10.4 Dodging
 - Level 2.4 Stealth
 + Level 11.4 Spellcasting
 + Level 7.1 Conjurations
 - Level 1.1 Transmutations
 + Level 11.3 Earth Magic
 * Level 8.1 Invocations


You had 25 spell levels left.
You knew the following spells:

 Your Spells              Type           Power      Damage    Failure   Level
a - Sandblast             Erth           100%       2d20      1%          1
b - Stone Arrow           Conj/Erth      100%       3d13      1%          3

Your spell library contained the following spells:

 Spells                   Type           Power      Damage    Failure   Level
 Passwall                 Tmut/Erth      34%        N/A       1%          2
 Beastly Appendage        Tmut           36%        N/A       3%          1
 Petrify                  Tmut/Erth      41%        N/A       3%          4
 Wereblood                Tmut           18%        N/A       4%          2
 Spider Form              Tmut/Pois      15%        N/A       12%         3
 Passage of Golubria      Tloc           13%        N/A       43%         4
 Silence                  Hex/Air        6%         N/A       80%         5
 Lehudib's Crystal Spear  Conj/Erth      27%        10d7      100%        8


Dungeon Overview and Level Annotations

Branches:
Dungeon (1/1)

Altars:
Ashenzari
Cheibriados
Dithmenos
Elyvilon
Fedhas
Gozag
Hepliaklqana
Kikubaaqudgha
Makhleb
Nemelex Xobeh
Okawaru
Qazlal
Ru
Sif Muna
Trog
Uskayaw
Vehumet
Wu Jian
Xom
Yredelemnul
Zin
The Shining One
Jiyva
Lugonu


Message History

The stone arrow hits the warg!
The warg is almost dead.
The warg bites you! The warg completely misses you.
Aiming: Stone Arrow (safe; 1% risk of failure)
Press: ? - help, Q - select action, (/) - cycle Shift-Dir - straight line, f/p - warg
Aim: a warg (almost dead, 72% to hit)
The stone arrow hits the warg!
You kill the warg!
Sif Muna accepts your kill.
Your Fighting skill increases to level 7!
Your Invocations skill increases to level 8!
Aiming: Stone Arrow (safe; 1% risk of failure)
Press: ? - help, Q - select action, (/) - cycle Shift-Dir - straight line, f - deep troll
Aim: a deep troll (78% to hit)
The stone arrow hits the deep troll!
The deep troll is moderately wounded.
Unknown command.
Aiming: Stone Arrow (safe; 1% risk of failure)
Press: ? - help, Q - select action, (/) - cycle Shift-Dir - straight line, f/p - deep troll
Aim: a deep troll (lightly wounded, 78% to hit)
The stone arrow hits the deep troll!
The deep troll is heavily wounded.
The deep troll bites you! The deep troll claws you!
The deep troll completely misses you.
Aiming: Stone Arrow (safe; 1% risk of failure)
Press: ? - help, Q - select action, (/) - cycle Shift-Dir - straight line, f/p - deep troll
Aim: a deep troll (heavily wounded, 78% to hit)
The stone arrow hits the deep troll!!
The deep troll is almost dead.
The quasit closely misses you. x2
The quasit claws you but does no damage.
The deep troll barely misses you. The deep troll claws you!
The deep troll misses you. The quasit misses you. The quasit barely misses you.
The quasit closely misses you.
Aiming: Stone Arrow (safe; 1% risk of failure)
Press: ? - help, Q - select action, (/) - cycle Shift-Dir - straight line, f/p - deep troll
Aim: a deep troll (almost dead, 78% to hit)
The stone arrow misses the deep troll.
The deep troll bites you!!
You die...

###.##................+
)...)'................+
'#####......#..#......#
.#..##................#
.#))#####'#####''######
##))##.......##''#
.#))##.......##..#
.#[[##.......##..#
##'###...<...##.@# #
....##.......##5T# .###
...)##.......##..#....##
######.......##..'..h..#
##.. ##########..'...5.+
.#.############..'.....#
##)#....#..[[##..#....##
.#'#....#..[[##..#..###
##.')...'..))##..####


You could see a deep troll and a quasit.

Vanquished Creatures
  Pikel (D)
  A fire bat (D)
  A neqoxec (D)
  2 wargs (D)
  3 floating eyes (D)
  An orc warrior (D)
  An ice beast (D)
  A wolf (D)
  2 lemures (D)
  2 phantoms (D)
  A gnoll sergeant (D)
  2 orc priests (D)
  Crazy Yiuf (D)
  An orc wizard (D)
  6 gnolls (D)
  An ufetubus (D)
  An orc (D)
  A giant cockroach (D)
  A ball python (D)
  2 goblins (D)
32 creatures vanquished.

Notes
Turn   | Place    | Note
-------+----------+-------------------------------------------
     0 | D        | rocky1 the Deep Elf Earth Elementalist began the quest for
                  | the Orb.
     0 | D        | Reached XP level 1. HP: 10/10 MP: 6/6
    45 | D        | Found a bloodstained altar of Trog.
    45 | D        | Found a shimmering blue altar of Sif Muna.
    45 | D        | Found a viscous altar of Jiyva.
    45 | D        | Found a hazy altar of Hepliaklqana.
    45 | D        | Found an opulent altar of Gozag.
    46 | D        | Found a glowing golden altar of the Shining One.
    46 | D        | Found a glowing silver altar of Zin.
    46 | D        | Found a basalt altar of Yredelemnul.
    46 | D        | Found a shimmering altar of Xom.
    46 | D        | Found an ornate altar of the Wu Jian Council.
    46 | D        | Found a sacrificial altar of Ru.
    46 | D        | Found a stormy altar of Qazlal.
    46 | D        | Found an iron altar of Okawaru.
    46 | D        | Found a sparkling altar of Nemelex Xobeh.
    46 | D        | Found a burning altar of Makhleb.
    46 | D        | Found a blossoming altar of Fedhas.
    46 | D        | Found a white marble altar of Elyvilon.
    46 | D        | Found a shadowy altar of Dithmenos.
    46 | D        | Found a snail-covered altar of Cheibriados.
    49 | D        | Found a corrupted altar of Lugonu.
    49 | D        | Found a radiant altar of Vehumet.
    50 | D        | Found an ancient bone altar of Kikubaaqudgha.
    50 | D        | Found a hide-covered altar of Uskayaw.
    50 | D        | Found a broken altar of Ashenzari.
    51 | D        | Became a worshipper of Sif Muna the Loreminder
    83 | D        | Noticed a floating eye
    83 | D        | Noticed a floating eye
    86 | D        | Killed a floating eye
    86 | D        | Reached * piety under Sif Muna
    86 | D        | Paralysed by a floating eye for 4 turns
    87 | D        | Reached skill level 5 in Dodging
    87 | D        | Reached XP level 2. HP: 19/19 MP: 3/11
    87 | D        | Reached XP level 3. HP: 23/23 MP: 3/12
    87 | D        | Reached XP level 4. HP: 28/28 MP: 3/14
    91 | D        | Paralysed by a floating eye for 4 turns
    96 | D        | Killed a floating eye
    97 | D        | Reached XP level 5. HP: 33/33 MP: 5/16
   175 | D        | Learned a level 3 spell: Stone Arrow
   178 | D        | Noticed a phantom
   181 | D        | Reached ** piety under Sif Muna
   184 | D        | Killed a phantom
   185 | D        | Reached XP level 6. HP: 23/39 MP: 6/19
   297 | D        | Noticed Pikel
   297 | D        | Noticed a floating eye
   297 | D        | Noticed Crazy Yiuf
   297 | D        | Noticed an ice beast
   312 | D        | Reached *** piety under Sif Muna
   316 | D        | Killed an ice beast
   317 | D        | Reached skill level 5 in Fighting
   377 | D        | Killed Pikel
   378 | D        | Reached skill level 10 in Spellcasting
   378 | D        | Reached skill level 5 in Conjurations
   378 | D        | Reached skill level 10 in Earth Magic
   378 | D        | Reached skill level 5 in Invocations
   378 | D        | Reached XP level 7. HP: 46/46 MP: 17/22
   398 | D        | Reached **** piety under Sif Muna
   416 | D        | Reached XP level 8. HP: 44/51 MP: 2/24
   479 | D        | Reached ***** piety under Sif Muna
   481 | D        | Killed Crazy Yiuf
   481 | D        | Received a gift from Sif Muna
   793 | D        | Reached skill level 10 in Dodging
  1023 | D        | Received a gift from Sif Muna
  1203 | D        | Noticed a deep troll
  1214 | D        | Slain by a deep troll

Illustrated notes

Levels and vault maps discovered:
D:        pitsprint [storerooms_1, entrance_room_1, metal_vault_1, armoury_3,
          mini_pit_1, grid_room_1, main_hall_1, silver_pit, the_coven_3,
          the_vestibule_1, steel_vault_5, golden_pit, hallway_of_sentries,
          crystal_vault_4, iron_vault_1, final_vault]

Skill      XL: |  1  2  3  4  5  6  7  8 |
---------------+-------------------------+-----
Earth Magic    | 7 8 9 10 11 | 11.3
Fighting       | 3 4 6 7 |  7.0
Dodging        | 5 6 7 9 10 | 10.4
Spellcasting   | 6 7 8 10 11 | 11.4
Conjurations   | 2 5 7 |  7.1
Invocations    | 5 8 |  8.1
Stealth        | |  2.4
Transmutations | |  1.1

Action                     |  1- 3 |  4- 6 |  7- 9 || total
---------------------------+-------+-------+-------++-------
  Melee: Quarterstaff      |       |     4 |       ||     4
   Cast: Sandblast         |     7 |     9 |     1 ||    17
         Stone Arrow       |       |    12 |    37 ||    49
    Use: Potion            |       |     2 |       ||     2
         Scroll            |       |     1 |       ||     1
 Armour: Robe              |       |       |     2 ||     2
  Dodge: Dodged            |     1 |     5 |    17 ||    23

Table legend: (Time is in decaauts)
 A = Elapsed time spent in this place.
 B = Non-inter-level travel time spent in this place.
 C = Inter-level travel time spent in this place.
 D = Time resting spent in this place.
 E = Time spent auto-exploring this place.
 F = Levels seen in this place.
 G = Mean time per level.
                   A        B        C        D        E       F      G
               +--------+--------+--------+--------+--------+-----+--------+
         Total |   1222 |   1164 |     58 |    828 |      0 |   1 | 1222.0 |
       Dungeon |   1222 |   1164 |     58 |    828 |      0 |   1 | 1222.0 |
               +--------+--------+--------+--------+--------+-----+--------+

Top non-repeatable levels by time:
       D: 1222 daAuts
